 Dungeon Crawl Stone Soup version 0.28-a0-998-gb9e9c7b67e (webtiles) character file.

Game seed: 1931540576822441311

96226 porpoise the Eclecticist (level 15, -9/89 HPs)
             Began as a Deep Elf Conjurer on Dec 5, 2021.
             Was a High Priest of Vehumet.
             Killed from afar by Nikola (30 damage)
             ... with a bolt of lightning
             ... on level 2 of the Lair of Beasts on Dec 6, 2021.
             The game lasted 02:41:21 (37736 turns).

porpoise the Eclecticist (Deep Elf Conjurer)       Turns: 37736, Time: 02:41:22

Health: -9/89      AC: 12    Str: 17    XL:     15   Next: 68%
Magic:  11/37      EV: 21    Int: 29    God:    Vehumet [*****.]
Gold:   1118       SH:  6    Dex: 13    Spells: 8/46 levels left

rFire   + . .      SeeInvis .   b - +1 hunting sling (elec)
rCold   + . .      Faith    .   D - +1 buckler
rNeg    . . .      Spirit   .   G - +2 robe {rF+}
rPois   +          Reflect  .   t - +2 hat
rElec   .          Harm     .   x - +0 cloak
rCorr   .          Rampage  .   S - +2 pair of gloves
Will    ++...                   Z - +1 pair of boots
Stlth   +++++.....              P - amulet of magic regeneration
HPRegen 0.24/turn               C - ring "Fuseopuf" {Will+ EV+4 Str+3 Int+4}
MPRegen 0.65/turn               K - ring "Orphin" {+Blink rPois rC+ Str+6 Int-2}

@: no status effects
A: no striking features
a: Renounce Religion, Evoke Blink


You were on level 2 of the Lair of Beasts.
You worshipped Vehumet.
Vehumet was extremely pleased with you.
You visited 5 branches of the dungeon, and saw 25 of its levels.

You collected 2541 gold pieces.
You spent 1423 gold pieces at shops.

Inventory:

Hand Weapons
 b - a +1 hunting sling of electrocution (weapon)
Missiles
 m - 3 boomerangs of dispersal
 v - 123 sling bullets (quivered ammo)
 L - 10 curare-tipped darts
Armour
 t - a +2 hat (worn)
 x - a +0 cloak (worn)
 D - a +1 buckler (worn)
 G - a +2 robe of fire resistance (worn)
 S - a +2 pair of gloves (worn)
 Z - a +1 pair of boots (worn)
Magical Staves
 a - a staff of conjuration
Jewellery
 c - a ring of positive energy
 u - a ring of see invisible
 C - the ring "Fuseopuf" (left hand) {Will+ EV+4 Str+3 Int+4}
   (You found it on level 3 of the Lair of Beasts)

   [ring of evasion]

   EV:        It affects your evasion (+4).
   Str:       It affects your strength (+3).
   Int:       It affects your intelligence (+4).
   Will:      It increases your willpower.
 K - the ring "Orphin" (right hand) {+Blink rPois rC+ Str+6 Int-2}
   (You took it off an orc warrior on level 6 of the Dungeon)

   [ring of protection from cold]

   Str:       It affects your strength (+6).
   Int:       It affects your intelligence (-2).
   rC:        It protects you from cold.
   rPois:     It protects you from poison.
   +Blink:    It lets you blink.
 P - an amulet of magic regeneration (around neck)
Wands
 n - a wand of acid (9)
 p - a wand of polymorph (12)
 q - a wand of charming (3)
 y - a wand of flame (47)
 B - a wand of paralysis (5)
 F - a wand of mindburst (8)
 J - a wand of iceblast (13)
Scrolls
 f - a scroll of silence
 i - a scroll of fog
 k - 6 scrolls of identify
 l - 6 scrolls of vulnerability
 r - 3 scrolls of magic mapping
 H - 4 scrolls of blinking
 I - 4 scrolls of summoning
 U - 3 scrolls of teleportation
Potions
 d - a potion of magic
 g - 7 potions of heal wounds
 h - 8 potions of curing
 o - 2 potions of haste
 s - 3 potions of resistance
 A - 2 potions of invisibility
 E - 5 potions of cancellation
 N - 4 potions of ambrosia
 T - 3 potions of lignification
Miscellaneous
 e - a tin of tremorstones (2/2)
 z - a phantom mirror
 M - a condenser vane


   Skills:
 + Level 8.9 Fighting
 - Level 12.0 Dodging
 - Level 12.0 Stealth
 - Level 4.0 Shields
 - Level 16.0 Spellcasting
 - Level 12.0 Conjurations
 - Level 13.3 Hexes
 - Level 7.0 Translocations
 - Level 9.0 Earth Magic
 + Level 0.4 Poison Magic
 - Level 9.0 Evocations


You had 8 spell levels left.
You knew the following spells:

 Your Spells              Type           Power      Damage    Failure   Level
b - Searing Ray           Conj           100%       2d8       0%          2
c - Fulminant Prism       Conj/Hex       38%        3d18      1%          4
d - Iskenderun's Mystic   Conj/Tloc      67%        2d14      1%          4
e - Iron Shot             Conj/Erth      35%        9d7       1%          6
f - Freezing Cloud        Conj/Ice/Air   23%        6-21      3%          5
i - Ignite Poison         Fire/Tmut/Pois 23%        N/A       1%          3
k - Blink                 Tloc           100%       N/A       1%          2
l - Lee's Rapid Deconstr  Erth           33%        3d18*     1%          5
o - Olgreb's Toxic Radia  Pois           25%        N/A       4%          4
s - Stone Arrow           Conj/Erth      100%       3d13      1%          3

Your spell library contained the following spells:

 Spells                   Type           Power      Damage    Failure   Level
 Iskenderun's Battlesphe  Conj           75%        2d12      1%          5
 Magic Dart               Conj           100%       1d8       0%          1
 Passwall                 Tmut/Erth      40%        N/A       1%          2
 Dazzling Flash           Conj/Hex       100%       N/A       1%          3
 Gell's Gravitas          Tloc           59%        N/A       1%          3
 Lesser Beckoning         Tloc           59%        N/A       1%          3
 Mephitic Cloud           Conj/Pois/Air  47%        N/A       1%          3
 Teleport Other           Tloc           59%        N/A       1%          3
 Leda's Liquefaction      Hex/Erth       36%        N/A       1%          4
 Lightning Bolt           Conj/Air       27%        1d44      1%          5
 Call Imp                 Summ           23%        N/A       3%          2
 Animate Armour           Summ/Erth      98%        N/A       3%          4
 Manifold Assault         Tloc           59%        N/A       3%          5
 Summon Mana Viper        Hex/Summ       58%        N/A       3%          5
 Airstrike                Air            11%        N/A       5%          4
 Swiftness                Air            23%        N/A       6%          3
 Summon Forest            Summ/Tloc      21%        N/A       13%         5
 Dispersal                Tloc           29%        N/A       17%         6
 Summon Ice Beast         Ice/Summ       23%        N/A       21%         4
 Summon Lightning Spire   Summ/Air       23%        N/A       21%         4
 Lehudib's Crystal Spear  Conj/Erth      35%        10d9      41%         8
 Statue Form              Tmut/Erth      32%        N/A       43%         6
 Eringya's Noxious Bog    Tmut/Pois      12%        N/A       54%         6
 Ozocubu's Refrigeration  Ice            11%        4d7       98%         7
 Monstrous Menagerie      Summ           11%        N/A       100%        7
 Storm Form               Tmut/Air       11%        N/A       100%        7
 Summon Hydra             Summ           11%        N/A       100%        7
 Disjunction              Tloc           29%        N/A       100%        8
 Ignition                 Fire           11%        3d5       100%        8


Dungeon Overview and Level Annotations

Branches:
Dungeon (15/15)            Temple (1/1) D:6            Lair (6/6) D:10
 Shoals (0/4) Lair:4        Snake (1/4) Lair:2        Slime (0/5) Lair:5
    Orc (2/2) D:11            Elf (0/3) Orc:2        Vaults (0/5) D:14
 Depths (0/4) D:15

Altars:
Ashenzari
Cheibriados
Dithmenos
Elyvilon
Fedhas
Gozag
Hepliaklqana
Kikubaaqudgha
Makhleb
Nemelex Xobeh
Okawaru
Qazlal
Ru
Sif Muna
Trog
Uskayaw
Vehumet
Wu Jian
Xom
Yredelemnul
Zin
The Shining One
Jiyva

Shops:
D:4 =   D:6 *   Orc:1 *   Orc:2 (*:[

Portals:
Trove: D:13 (give 11 potions of heal wounds)

Annotations:
D:7 2 transporters, demibob's ghost, novice DsGl
D:11 3 runed translucent doors, KennySheep's ghost, journeyman TrMo; oldriver's ghost, journeyman DrCj
D:14 2 transporters, Ydeghy's ghost, journeyman OpWr
Lair:2 Nikola
Lair:6 1 runed translucent door, Oloablim's ghost, journeyman OpWn


Message History

Press: ? - help, Shift-Dir - straight line, f - Nikola
Aim: Nikola, wielding a +3 rapier of electrocution, wearing a +0 cloak and wearing a +0 pair of gloves (moderately wounded, 81% to hit)
The stone arrow misses Nikola.
You feel sick.
You are no longer poisoned.
Nikola hits you with a +3 rapier of electrocution.
Casting: Stone Arrow (safe; 1% risk of failure)
Confirm with . or Enter, or press ? or * to list all spells.
Aiming: Stone Arrow (safe; 1% risk of failure)
Press: ? - help, Shift-Dir - straight line, f/p - Nikola
Aim: Nikola, wielding a +3 rapier of electrocution, wearing a +0 cloak and wearing a +0 pair of gloves (moderately wounded, 81% to hit)
The stone arrow hits Nikola!
Nikola is moderately wounded.
Nikola closely misses you.
Casting: Stone Arrow (safe; 1% risk of failure)
Confirm with . or Enter, or press ? or * to list all spells.
Aiming: Iron Shot (dangerous; 1% risk of failure)
Press: ? - help, Shift-Dir - straight line, f/p - Nikola
Aim: Nikola, wielding a +3 rapier of electrocution, wearing a +0 cloak and wearing a +0 pair of gloves (moderately wounded, 77% to hit)
The iron shot misses Nikola.
Nikola hits you with a +3 rapier of electrocution!
* * * LOW HITPOINT WARNING * * *
Casting: Iron Shot (dangerous; 1% risk of failure)
Confirm with . or Enter, or press ? or * to list all spells.
Aiming: Iron Shot (dangerous; 1% risk of failure)
Press: ? - help, Shift-Dir - straight line, f/p - Nikola
Aim: Nikola, wielding a +3 rapier of electrocution, wearing a +0 cloak and wearing a +0 pair of gloves (moderately wounded, 77% to hit)
The iron shot hits Nikola!!
Nikola is heavily wounded.
Nikola mumbles some strange words.
Nikola blinks!
Casting: Iron Shot (dangerous; 1% risk of failure)
Confirm with . or Enter, or press ? or * to list all spells.
Aiming: Iron Shot (dangerous; 1% risk of failure)
Press: ? - help, Shift-Dir - straight line, f/p - Nikola
Aim: Nikola, wielding a +3 rapier of electrocution, wearing a +0 cloak and wearing a +0 pair of gloves (heavily wounded, 77% to hit)
The iron shot hits Nikola!!!
Nikola is severely wounded.
Nikola casts a spell at you. The bolt of lightning hits you!!
You die...

.####.........##........###......
.# #...#P....###....#...#...(...
.# #...##....###...##..###......
.####..###.#...#....###..#.......
.#P.#....#.#.##.#...###.###......
.....................##..####...#
.....................##..# #.)..
..........>..........##..# ##...
................@ยง.......# #..#
...............@........## ###..#
........................## #....#
.....................#P.P###....#
.......................PP.#.....#
......#.##............#..........
.......###......................#
......## ##..............###.....
......#####.............P###....#


You could see Nikola.

Vanquished Creatures
  An orc warlord (Orc:2)
  2 vault guards (D:14)
  Harold (D:10)
  A fire dragon (Lair:6)
  A catoblepas (Lair:6)
  2 boulder beetles
  3 hydras
  3 centaur warriors
  4 death knights
  6 two-headed ogres
  12 death yaks
  A tengu warrior (D:15)
  Urug (D:10)
  2 orc high priests (Orc:2)
  Pikel (D:7)
  A swamp dragon (Lair:6)
  A lindwurm (Lair:6)
  3 wizards (D:14)
  A deep elf pyromancer (D:12)
  4 orc knights
  A necromancer (D:15)
  6 manticores
  5 orc sorcerers
  18 ugly things
  The ghost of Atlas the Magician, a novice DjEE (D:6)
  7 elephants
  5 cyclopes
  8 black mambas
  3 naga magi (D:15)
  2 guardian serpents
  7 cane toads
  5 rime drakes
  A tengu conjurer (D:12)
  10 komodo dragons
  An unseen horror (D:13)
  4 yaktaurs
  Psyche (D:11)
  A freezing wraith (D:15)
  A redback zombie (D:15)
  13 polar bears
  7 trolls
  A wind drake (Lair:4)
  11 dream sheep
  2 slime creatures (D:12)
  16 blink frogs
  A raiju (Lair:6)
  A spriggan (shapeshifter) (D:14)
  A shadow (D:11)
  7 wraiths (D:15)
  32 yaks
  A wyvern (Lair:4)
  A basilisk (shapeshifter) (D:15)
  18 humans (D:14)
  2 steam dragons (Lair:6)
  6 basilisks
  7 wargs
  9 vampire mosquitoes
  2 acid dragons
  14 water moccasins
  16 hell hounds (Lair:6)
  2 swamp drakes (Lair:6)
  An ice beast (D:8)
  36 orc warriors
  15 black bears
  6 ogres
  A necrophage (D:7)
  27 wolves
  8 centaurs
  6 kobold brigands
  10 bullfrogs
  2 wyvern zombies
  14 wights
  19 killer bees
  A howler monkey (D:5)
  A bullfrog zombie (D:6)
  3 centaur zombies
  Crazy Yiuf (D:3)
  2 hounds (D:6)
  A jelly (D:5)
  10 orc priests
  A bullfrog skeleton (D:5)
  3 centaur skeletons
  7 iguanas
  26 orc wizards
  6 hell rats (Lair:6)
  2 killer bee zombies
  2 howler monkey zombies
  10 gnolls
  A howler monkey skeleton (D:5)
  7 adders
  A shadow imp (D:6)
  A white imp (D:7)
  6 worms
  3 dart slugs
  62 orcs
  3 bats
  4 endoplasms (D:1)
  A giant cockroach (D:2)
  12 goblins
  6 hobgoblins
  8 jackals
  4 quokkas
  6 ball pythons
  2 frilled lizards
  27 kobolds
  5 rats
  A fulminant prism (Lair:4)
689 creatures vanquished.

Vanquished Creatures (others)
  249 fulminant prisms
  80 fungi
  110 plants
439 creatures vanquished.

Grand Total: 1128 creatures vanquished

Notes
Turn   | Place    | Note
-------+----------+-------------------------------------------
     0 | D:1      | porpoise the Deep Elf Conjurer began the quest for the Orb.
     0 | D:1      | Reached XP level 1. HP: 10/10 MP: 6/6
   245 | D:1      | Reached XP level 2. HP: 15/15 MP: 2/8
   562 | D:1      | Learned a level 2 spell: Searing Ray
   761 | D:1      | Found a faded altar of an unknown god.
   908 | D:1      | Reached skill level 4 in Spellcasting
  1144 | D:2      | Reached XP level 3. HP: 19/19 MP: 6/10
  1216 | D:2      | Reached skill level 5 in Conjurations
  1924 | D:2      | Reached XP level 4. HP: 24/24 MP: 6/12
  2314 | D:2      | Learned a level 4 spell: Fulminant Prism
  2319 | D:2      | Learned a level 4 spell: Iskenderun's Mystic Blast
  2376 | D:3      | Reached skill level 5 in Spellcasting
  2378 | D:3      | Reached skill level 1 in Hexes
  2651 | D:3      | Reached XP level 5. HP: 28/28 MP: 10/15
  2915 | D:3      | Found a runed translucent door.
  2916 | D:3      | Noticed Crazy Yiuf
  2922 | D:3      | Killed Crazy Yiuf
  3000 | D:3      | Reached skill level 6 in Spellcasting
  3110 | D:3      | Found a hide-covered altar of Uskayaw.
  3110 | D:3      | Found a shimmering blue altar of Sif Muna.
  3608 | D:4      | Noticed a black bear
  3611 | D:4      | Noticed a black bear
  3614 | D:4      | Killed a black bear
  3614 | D:4      | Killed a black bear
  3615 | D:4      | Reached skill level 7 in Spellcasting
  3615 | D:4      | Reached XP level 6. HP: 32/32 MP: 4/18
  3849 | D:4      | Found a white marble altar of Elyvilon.
  3880 | D:4      | Reached skill level 5 in Hexes
  3937 | D:4      | Found Meot's Jewellery Shoppe.
  3970 | D:4      | Found a bloodstained altar of Trog.
  4285 | D:4      | Reached skill level 1 in Translocations
  4285 | D:4      | Reached XP level 7. HP: 36/36 MP: 13/19
  4916 | D:5      | Entered Level 5 of the Dungeon
  6156 | D:5      | Reached XP level 8. HP: 41/41 MP: 12/20
  6938 | D:6      | Found a runed translucent gate.
  6940 | D:6      | Found a staircase to the Ecumenical Temple.
  6950 | Temple   | Entered the Ecumenical Temple
  7450 | D:6      | Found an ancient bone altar of Kikubaaqudgha.
  7768 | D:6      | Found Fezefrym's General Store.
  7967 | D:6      | Identified the ring "Orphin" {+Blink rPois rC+ Str+6 Int-2}
  7973 | D:6      | Reached skill level 5 in Stealth
  7973 | D:6      | Reached skill level 5 in Translocations
  8182 | D:6      | Found a broken altar of Ashenzari.
  8319 | D:6      | Found a runed translucent gate.
  8319 | D:6      | Found a runed translucent gate.
  8323 | D:6      | Noticed Atlas's ghost (novice DjEE)
  8344 | D:6      | Killed Atlas's ghost
  8345 | D:6      | Reached skill level 8 in Spellcasting
  8955 | D:7      | Reached skill level 1 in Fighting
  8955 | D:7      | Reached XP level 9. HP: 35/47 MP: 18/23
  9135 | D:7      | Reached skill level 9 in Spellcasting
  9145 | D:7      | Noticed Pikel
  9151 | D:7      | Killed Pikel
  9341 | D:7      | Reached skill level 10 in Spellcasting
  9539 | D:7      | Found a basalt altar of Yredelemnul.
  9619 | D:7      | Found a glowing silver altar of Zin.
  9938 | D:7      | Found a transporter.
  9946 | D:7      | Noticed a moth of wrath
  9952 | D:7      | Noticed a catoblepas
  9953 | D:7      | Noticed demibob's ghost (novice DsGl)
  9965 | D:7      | Found a transporter.
 10977 | D:8      | Found a shimmering altar of Xom.
 10977 | D:8      | Found a shimmering altar of Xom.
 10978 | D:8      | Found a shimmering altar of Xom.
 10979 | D:8      | Found a shimmering altar of Xom.
 11059 | D:8      | Reached skill level 11 in Spellcasting
 11060 | D:8      | Reached skill level 1 in Shields
 11280 | D:8      | Reached XP level 10. HP: 58/58 MP: 18/27
 12278 | D:8      | Reached skill level 5 in Fighting
 12898 | D:9      | Noticed a two-headed ogre
 12907 | D:9      | Killed a two-headed ogre
 12908 | D:9      | Reached skill level 12 in Spellcasting
 13386 | D:9      | Reached skill level 1 in Evocations
 14289 | D:10     | Entered Level 10 of the Dungeon
 14670 | D:10     | Identified the +7 long sword of the Puffin {freeze,
                  | *Corrode rElec rN+}
 14683 | D:10     | Noticed a two-headed ogre
 14694 | D:10     | Killed a two-headed ogre
 15000 | D:10     | Found a staircase to the Lair.
 15000 | D:10     | Noticed an elephant
 15191 | D:10     | Found a radiant altar of Vehumet.
 15282 | D:10     | Killed an elephant
 15451 | D:10     | Reached XP level 11. HP: 63/63 MP: 18/29
 15595 | D:10     | Noticed Urug
 15615 | D:10     | Killed Urug
 15616 | D:10     | Reached skill level 5 in Evocations
 15719 | D:10     | Became a worshipper of Vehumet
 16046 | D:10     | Noticed Harold
 16063 | D:10     | Killed Harold
 16651 | Lair:1   | Entered Level 1 of the Lair of Beasts
 16652 | Lair:1   | Upgraded the game from 0.28-a0-991-g956f0ee3d5 to
                  | 0.28-a0-998-gb9e9c7b67e
 16655 | Lair:1   | Learned a level 2 spell: Blink
 16766 | Lair:1   | Noticed a five-headed hydra
 16771 | Lair:1   | Killed a five-headed hydra
 18446 | Lair:1   | Reached skill level 13 in Spellcasting
 18906 | Lair:2   | Reached * piety under Vehumet
 18906 | Lair:2   | Offered knowledge of Sandblast by Vehumet.
 19012 | Lair:2   | Found a staircase to the Snake Pit.
 19780 | Lair:3   | Reached skill level 14 in Spellcasting
 19780 | Lair:3   | Reached XP level 12. HP: 57/71 MP: 18/32
 19911 | Lair:3   | You fall into a shaft and drop 2 floors!
 20649 | Lair:3   | Identified the ring "Fuseopuf" {Will+ EV+4 Str+3 Int+4}
 20673 | Lair:3   | Reached skill level 10 in Hexes
 20730 | Lair:3   | Learned a level 3 spell: Stone Arrow
 20783 | Lair:3   | Reached skill level 1 in Earth Magic
 20832 | Lair:3   | Noticed a four-headed hydra
 20836 | Lair:3   | Killed a four-headed hydra
 21294 | Lair:3   | Reached skill level 5 in Dodging
 21388 | Lair:3   | Noticed a death yak
 21392 | Lair:3   | Noticed a death yak
 21393 | Lair:3   | Noticed a death yak
 21397 | Lair:3   | Noticed a death yak
 21404 | Lair:3   | Noticed a death yak
 21409 | Lair:3   | Killed a death yak
 21409 | Lair:3   | Killed a death yak
 21413 | Lair:3   | Killed a death yak
 21413 | Lair:3   | Offered knowledge of Foxfire by Vehumet.
 21416 | Lair:3   | Killed a death yak
 21416 | Lair:3   | Reached ** piety under Vehumet
 21417 | Lair:3   | Killed a death yak
 22223 | D:6      | Bought an amulet of magic regeneration for 330 gold pieces
 22494 | Lair:4   | Found a staircase to the Shoals.
 22630 | Lair:4   | Reached skill level 5 in Earth Magic
 23400 | Lair:5   | Reached XP level 13. HP: 76/76 MP: 28/33
 23682 | Lair:5   | Identified the +11 quarterstaff of Cops {drain, *Noise
                  | Str+3 Stlth+}
 23774 | Lair:5   | Found a staircase to the Slime Pits.
 23778 | Lair:5   | Found a viscous altar of Jiyva.
 23904 | Lair:5   | Offered knowledge of Poisonous Vapours by Vehumet.
 24417 | Lair:6   | Entered Level 6 of the Lair of Beasts
 24448 | Lair:6   | Found an ancient bone altar of Kikubaaqudgha.
 24496 | Lair:6   | Reached *** piety under Vehumet
 24665 | Lair:6   | Reached skill level 10 in Dodging
 24691 | Lair:6   | Identified the +0 scale mail of the Demon Prince {Will+}
 24697 | Lair:6   | Identified the +9 mace of Kolen {freeze, rN+ Str-2 Int+3}
 24725 | Lair:6   | Offered knowledge of Inner Flame by Vehumet.
 24779 | Lair:6   | Reached **** piety under Vehumet
 24996 | Lair:6   | Offered knowledge of Yara's Violent Unravelling by Vehumet.
 25629 | Lair:6   | Reached skill level 10 in Conjurations
 25680 | Lair:6   | Reached XP level 14. HP: 52/82 MP: 27/34
 26087 | Lair:6   | Found a runed translucent door.
 26087 | Lair:6   | Found a shimmering altar of Xom.
 26089 | Lair:6   | Noticed Oloablim's ghost (journeyman OpWn)
 26552 | Lair:6   | Reached ***** piety under Vehumet
 26575 | Lair:6   | Offered knowledge of Sticky Flame by Vehumet.
 27156 | Lair:6   | Learned a level 5 spell: Lee's Rapid Deconstruction
 27626 | D:11     | Noticed Psyche
 27632 | D:11     | Killed Psyche
 27794 | D:11     | Found a staircase to the Orcish Mines.
 28101 | D:11     | Reached skill level 10 in Stealth
 28146 | D:11     | Found a runed translucent gate.
 28146 | D:11     | Found a runed translucent gate.
 28146 | D:11     | Found a runed translucent gate.
 28147 | D:11     | Noticed oldriver's ghost (journeyman DrCj)
 28148 | D:11     | Noticed KennySheep's ghost (journeyman TrMo)
 29028 | D:12     | Reached skill level 15 in Spellcasting
 29927 | D:12     | Found an iron altar of Okawaru.
 30224 | D:13     | Found a portal to a secret trove of treasure.
 31130 | D:13     | Reached skill level 16 in Spellcasting
 31615 | D:14     | You fall into a shaft and drop 1 floor!
 31615 | D:15     | Entered Level 15 of the Dungeon
 31621 | D:15     | Offered knowledge of Iron Shot by Vehumet.
 31638 | D:14     | Noticed Ydeghy's ghost (journeyman OpWr)
 31638 | D:14     | Found a transporter.
 31821 | D:14     | Noticed a frost giant
 31863 | D:14     | Found a transporter.
 31982 | D:14     | Found an opulent altar of Gozag.
 32225 | D:14     | Reached XP level 15. HP: 86/86 MP: 25/37
 32666 | D:14     | Found a gate to the Vaults.
 34415 | D:15     | Found a staircase to the Depths.
 34614 | D:15     | Learned a level 6 spell: Iron Shot
 34792 | D:15     | Found an ornate altar of the Wu Jian Council.
 35139 | Orc:1    | Entered Level 1 of the Orcish Mines
 35139 | Orc:1    | Found a bloodstained altar of Trog.
 35149 | Orc:1    | Offered knowledge of Iskenderun's Battlesphere by Vehumet.
 35359 | Orc:1    | Found Bolleyzi's Gadget Gallery.
 35634 | Orc:2    | Entered Level 2 of the Orcish Mines
 36081 | Orc:2    | Noticed an orc warlord
 36094 | Orc:2    | Killed an orc warlord
 36803 | Orc:2    | Found Ydweulec's General Store.
 36826 | Orc:2    | Bought a potion of heal wounds for 65 gold pieces
 36826 | Orc:2    | Bought a scroll of teleportation for 39 gold pieces
 37086 | Orc:2    | Found Quizirgh's Antique Weapon Shoppe.
 37162 | Orc:2    | Found a staircase to the Elven Halls.
 37166 | Orc:2    | Found Boaz Jip's Book Shoppe.
 37174 | Orc:2    | Bought the Unrestrained Analects for 704 gold pieces
 37179 | Orc:2    | Learned a level 4 spell: Olgreb's Toxic Radiance
 37183 | Orc:2    | Learned a level 3 spell: Ignite Poison
 37293 | Orc:2    | Found Jeacul's Antique Armour Emporium.
 37301 | Orc:2    | Bought a pair of faintly glowing boots for 285 gold pieces
 37301 | Orc:2    | Identified the -6 pair of boots of Springtime {Int+4 SInv}
                  | (You bought it in a shop on level 2 of the Orcish Mines)
 37672 | Lair:1   | Learned a level 5 spell: Freezing Cloud
 37720 | Snake:1  | Entered Level 1 of the Snake Pit
 37720 | Snake:1  | Noticed Nikola
 37736 | Lair:2   | Killed from afar by Nikola

Illustrated notes

Levels and vault maps discovered:
D:1:      kennysheep_arrival_seaside, layout_loops_ring,
          hellmonk_ecumenical_altar_crossroads, minmay_3d_cube
D:2:      kennysheep_big_flooded_room, layout_loops_corners
D:3:      layout_rooms, mainiacjoe_overflow_divided_tiny, nicolae_wormholes,
          uniq_crazy_yiuf_cottage
D:4:      layout_loops_ring, elyvilon_altar_5, trog_ov_bears_minmay,
          mrwooster_statue_mirror, nicolae_take_the_stairs, hex_medium
D:5:      layout_loops_corners
D:6:      layout_loops_corners, mainiacjoe_overflow_small_starburst,
          old_standard_altar, temple_fountains, ebering_ghost_rock_garden,
          serial_shops, nicolae_shop_hallway_plus, roderic_serpentine_path
D:7:      layout_basic, mainiacjoe_overflow_surrounded_room, lemuel_tele_altar,
          gammafunk_ghost_berserking_beasts, uniq_pikel
D:8:      layout_basic, xom_redecorated
D:9:      layout_loops_ring, minivault_26, grunt_ministairs_5
D:10:     layout_stronghold, mainiacjoe_overflow_boulevard, david_lair_generic,
          chequers_serial_rivers_small_b, uniq_urug, uniq_harold
D:11:     layout_stronghold, orc_0_dummy, gammafunk_ghost_cemetery, uniq_psyche
D:12:     layout_loops_ring, okawaru_ov_weapons_minmay
D:13:     layout_roguey, enter_trove_6, blue_anna_alchemist
D:14:     layout_long_grid, grunt_vaults_entry_tiered, gammafunk_ghost_arena,
          grunt_gozag_breadcrumbs
D:15:     grunt_enter_depths_magical_seal, layout_irregular_city,
          pdpol_wu_jian_five_deadly_venoms, nrook_guardian_serpent_ordinary
Temple:   minmay_temple_forest_path
Lair:1:   layout_cave_shapes, grunt_megastairs_3
Lair:2:   layout_gridlike, minmay_snake_entry_spellcaster
Lair:3:   layout_chaotic_city, serial_bayou_shore_b
Lair:4:   layout_roguey, minmay_shoals_entry_beasts, gauntlet_entry_generic
Lair:5:   layout_regular_city, slime_altar_1
Lair:6:   hangedman_lair_caniforms_friends, layout_regular_city,
          guppyfry_lair_end_dragon, enter_volcano_3, basic_altar,
          ebering_ghost_xom
Snake:1:  layout_rooms, abandoned_shop, uniq_nikola, uniq_jorgrun, uniq_aizul
Orc:1:    layout_diamond_mine, basic_altar, nicolae_shop_gadgets
Orc:2:    grunt_orc_gardens, layout_caves, grunt_orc_garden, grunt_orc_garden,
          grunt_orc_garden, grunt_orc_garden

Skill      XL: |  1  2  3  4  5  6  7  8  9 10 11 12 13 14 15 |
---------------+----------------------------------------------+-----
Spellcasting   | 4 5 7 8 11 12 14 16 | 16.0
Conjurations   | 5 7 9 11 12 | 12.0
Hexes          | 2 4 5 7 9 12 13 | 13.3
Stealth        | 3 4 6 7 9 12 | 12.0
Translocations | 1 4 5 7 |  7.0
Fighting       | 1 4 5 6 7 8 |  8.9
Shields        | 1 4 |  4.0
Evocations     | 4 5 7 8 9 |  9.0
Dodging        | 8 12 | 12.0
Earth Magic    | 5 6 9 |  9.0
Poison Magic   | |  0.4

Action                   |  1- 3 |  4- 6 |  7- 9 | 10-12 | 13-15 || total
-------------------------+-------+-------+-------+-------+-------++-------
Melee: Unarmed           |     2 |       |       |       |       ||     2
       Staff             |       |       |       |    12 |       ||    12
 Fire: Hunting sling     |     6 |    35 |    70 |    89 |   102 ||   302
 Cast: Magic Dart        |    32 |     8 |     1 |     1 |       ||    42
       Searing Ray       |     9 |    31 |    59 |    94 |    37 ||   230
       Fulminant Prism   |       |     2 |    16 |    74 |   158 ||   250
       Iskenderun's Myst |       |       |     8 |    51 |    76 ||   135
       Stone Arrow       |       |       |       |    27 |   339 ||   366
       Blink             |       |       |       |       |     5 ||     5
       Lee's Rapid Decon |       |       |       |       |    13 ||    13
       Iron Shot         |       |       |       |       |     5 ||     5
Evoke: Wand              |       |       |     4 |     2 |     3 ||     9
  Use: Scroll            |       |     6 |     2 |    19 |     5 ||    32
       Potion            |       |       |       |     1 |     1 ||     2
Armor: Robe              |       |     1 |    19 |    27 |    46 ||    93
Dodge: Dodged            |     7 |     5 |    49 |    89 |   163 ||   313
Block: Buckler           |       |       |       |    29 |    46 ||    75

Table legend: (Time is in decaauts)
 A = Elapsed time spent in this place.
 B = Non-inter-level travel time spent in this place.
 C = Inter-level travel time spent in this place.
 D = Time resting spent in this place.
 E = Time spent auto-exploring this place.
 F = Levels seen in this place.
 G = Mean time per level.
                   A        B        C        D        E       F      G
               +--------+--------+--------+--------+--------+-----+--------+
         Total |  37861 |  35893 |   1968 |  16993 |  13682 |  25 | 1514.4 |
       Dungeon |  24370 |  23029 |   1341 |  11049 |   9296 |  15 | 1624.7 |
        Temple |    364 |    325 |     39 |      0 |    313 |   1 |  364.0 |
          Lair |  10822 |  10312 |    510 |   4740 |   3449 |   6 | 1803.7 |
     Snake Pit |      7 |      7 |      0 |      0 |      0 |   1 |    7.0 |
  Orcish Mines |   2296 |   2220 |     76 |   1203 |    623 |   2 | 1148.0 |
               +--------+--------+--------+--------+--------+-----+--------+

Top non-repeatable levels by time:
  Lair:6: 2907 daAuts
    D:10: 2480 daAuts
  Lair:1: 2375 daAuts
     D:7: 1991 daAuts
     D:6: 1977 daAuts
     D:9: 1930 daAuts
     D:8: 1922 daAuts
    D:15: 1870 daAuts
  Lair:5: 1763 daAuts
   Orc:1: 1648 daAuts
     D:5: 1644 daAuts
    D:14: 1593 daAuts
  Lair:3: 1490 daAuts
    D:11: 1423 daAuts
    D:13: 1391 daAuts
